 Dungeon Crawl Stone Soup version 0.28.0-53-g5a82cb258f (webtiles) character file.

Game seed: 3730024342415274525

610 H0rd4k the Charlatan (level 7, -10/52 HPs)
             Began as a Human Artificer on June 1, 2022.
             Mangled by a sun demon (16 damage)
             ... summoned by a kobold demonologist
             ... on level 5 of the Dungeon.
             The game lasted 00:06:24 (7030 turns).

H0rd4k the Charlatan (Human Artificer)              Turns: 7030, Time: 00:06:25

Health: -10/52     AC:  5    Str: 12    XL:     7   Next: 72%
Magic:  7/7        EV: 12    Int: 14    God:
Gold:   270        SH:  0    Dex: 13    Spells: 6/6 levels left

rFire   . . .      SeeInvis .   t - +2 mace (drain)
rCold   . . .      Faith    .   (no shield)
rNeg    . . .      Spirit   .   b - +0 leather armour
rPois   .          Reflect  .   (no helmet)
rElec   .          Harm     .   m - +0 cloak
rCorr   .          Rampage  .   (no gloves)
Will    .....                   w - +0 pair of boots
Stlth   +.........              (no amulet)
HPRegen 0.17/turn               (no ring)
MPRegen 0.10/turn               (no ring)

@: no status effects
A: no striking features
a: no special abilities


You were on level 5 of the Dungeon.
You visited 1 branch of the dungeon, and saw 5 of its levels.

You collected 270 gold pieces.

Inventory:

Hand Weapons
 a - a +0 club
 l - a +1 dagger of freezing
 q - a +3 dagger
 r - a +0 dagger of draining
 t - a +2 mace of draining (weapon)
 v - a +1 flail of holy wrath
Missiles
 g - 4 curare-tipped darts
 s - 6 poisoned darts
Armour
 b - a +0 leather armour (worn)
 m - a +0 cloak (worn)
 w - a +0 pair of boots (worn)
Magical Staves
 p - a staff of death
Wands
 c - a wand of flame (27) (quivered)
 d - a wand of charming (7)
 x - a wand of paralysis (3)
 y - a wand of polymorph (8)
Scrolls
 f - 2 scrolls of amnesia {unknown}
 i - a scroll of noise {unknown}
 j - 4 scrolls of teleportation {unknown}
 k - a scroll of vulnerability {unknown}
 o - 4 scrolls of identify {unknown}
 u - a scroll of enchant armour {unknown}
Potions
 h - 2 potions of might {unknown}
 n - 2 potions of curing {unknown}
 z - 2 potions of degeneration {unknown}
Miscellaneous
 e - a piece from Xom's chessboard (15/15)


   Skills:
 + Level 3.5 Fighting
 + Level 1.9 Short Blades
 + Level 4.0 Maces & Flails
 - Level 2.0 Armour
 + Level 3.8 Dodging
 - Level 1.0 Stealth
 + Level 4.3 Evocations


You had 6 spell levels left.
You didn't know any spells.
Your spell library contained the following spells:

 Spells                   Type           Power      Damage    Failure   Level
 Gell's Gravitas          Tloc           0%         N/A       73%         3
 Teleport Other           Tloc           0%         N/A       73%         3
 Dispersal                Tloc           0%         N/A       100%        6


Dungeon Overview and Level Annotations

Branches:
Dungeon (5/15)
 Temple: D:4-7

Altars:
Sif Muna

Shops:
D:3 [

Annotations:
D:1 exclusion: downstairs
D:3 exclusion: downstairs


Message History

There is a stone staircase leading down here.
Found a rapier.
Found 5 boomerangs.
The kobold demonologist shouts!
Aiming: Paralyse
Press: ? - help, Shift-Dir - straight line, f - kobold demonologist
Aim: a kobold demonologist, wielding a +0 dagger and wearing a +0 robe (heavily wounded, chance to affect: 42%)
The kobold demonologist resists with some effort.
The kobold demonologist begins to cast a cantrip, but forgets the words!
Unknown command.
Aiming: Throw Flame
Press: ? - help, Shift-Dir - straight line, f/p - kobold demonologist
Aim: a kobold demonologist, wielding a +0 dagger and wearing a +0 robe (heavily wounded, 64% to hit)
The puff of flame misses the kobold demonologist.
Unknown command.
Aiming: Throw Flame
Press: ? - help, Shift-Dir - straight line, f/p - kobold demonologist
Aim: a kobold demonologist, wielding a +0 dagger and wearing a +0 robe (heavily wounded, 64% to hit)
The puff of flame misses the kobold demonologist.
Unknown command.
Aiming: Throw Flame
Press: ? - help, Shift-Dir - straight line, f/p - kobold demonologist
Aim: a kobold demonologist, wielding a +0 dagger and wearing a +0 robe (heavily wounded, 64% to hit)
The puff of flame hits the kobold demonologist!
The kobold demonologist is severely wounded.
Unknown command.
You hit the kobold demonologist.
The kobold demonologist is almost dead.
The kobold demonologist casts a spell.
You closely miss the kobold demonologist.
The kobold demonologist is almost dead.
The kobold demonologist mumbles some strange words.
The sun demon hits you.
You are engulfed in flames!!
You closely miss the kobold demonologist.
The kobold demonologist is almost dead.
The sun demon hits you!!
Ouch! That really hurt!
* * * LOW HITPOINT WARNING * * *
You are engulfed in flames!
You die...

#.# #.# #.######## ####
#......... ###### #...
#†.####### ...... ##...
#..####### ...... #)(..
#......... ..o.).
###....########.########
......
....3..@3..>............
......
###...K########....)....
...... #.... ##########
##.### #.... # #....
#.... .# #####
#.######## ##########
##.##.....# #........#


You could see a sun demon (summoned), a kobold demonologist and a ynoxinul
(summoned).

Vanquished Creatures
  A water moccasin (D:5)
  2 scorpions
  A bullfrog zombie (D:3)
  2 hounds
  An orc priest (D:2)
  An iguana (D:5)
  2 orc wizards
  2 hound skeletons
  An adder (D:3)
  An adder skeleton (D:3)
  A worm (D:3)
  3 dart slugs
  12 orcs
  10 ball pythons
  6 bats
  8 endoplasms
  5 giant cockroaches
  5 goblins
  7 hobgoblins
  4 jackals (D:4)
  5 quokkas
  A ball python zombie (D:3)
  3 frilled lizards
  6 kobolds
  4 rats
94 creatures vanquished.

Vanquished Creatures (collateral kills)
  A hound (D:5)
  A white imp (D:5)
  2 orcs
  A hobgoblin (D:4)
  A quokka (D:4)
6 creatures vanquished.

Vanquished Creatures (others)
  A sky beast (D:5)
  2 orcs (D:2)
  3 withered plants (D:3)
6 creatures vanquished.

Grand Total: 106 creatures vanquished

Notes
Turn   | Place    | Note
-------+----------+-------------------------------------------
     0 | D:1      | H0rd4k the Human Artificer began the quest for the Orb.
     0 | D:1      | Reached XP level 1. HP: 15/15 MP: 1/1
   199 | D:1      | Reached XP level 2. HP: 13/21 MP: 2/2
   866 | D:1      | Found a faded altar of an unknown god.
   918 | D:1      | Reached XP level 3. HP: 16/26 MP: 3/3
  1341 | D:1      | You fall into a shaft and drop 1 floor!
  1933 | D:2      | Reached skill level 1 in Maces & Flails
  2275 | D:2      | Reached XP level 4. HP: 26/32 MP: 4/4
  3304 | D:3      | Reached XP level 5. HP: 37/37 MP: 5/5
  3794 | D:3      | Found Veicuulae's Armour Emporium.
  4045 | D:3      | Reached skill level 1 in Short Blades
  4352 | D:3      | Found a shimmering blue altar of Sif Muna.
  4378 | D:3      | Reached XP level 6. HP: 3/46 MP: 6/6
  5650 | D:5      | Entered Level 5 of the Dungeon
  5678 | D:5      | Noticed a water moccasin
  5706 | D:5      | Reached XP level 7. HP: 33/52 MP: 7/7
  6012 | D:5      | Killed a water moccasin
  6862 | D:5      | Noticed a kobold demonologist
  6868 | D:5      | Noticed an ice devil
  7029 | D:5      | Noticed a sun demon
  7030 | D:5      | Noticed a ynoxinul
  7030 | D:5      | Mangled by a sun demon

Illustrated notes

Levels and vault maps discovered:
D:1:      saegor_arrival_simple_c, layout_basic,
          ebering_ecumenical_altar_petrified
D:2:      cheibrodos_pilgrimage, layout_loops_ring, serial_glass,
          glass_columns_a, glass_columns_b, glass_columns_b, glass_columns_a,
          serial_park_tiny_pond, minmay_lizard_pond
D:3:      layout_basic, kennysheep_orc_sif_temple, serial_shops, shop,
          serial_undead, serial_undead_d, serial_undead_c, serial_undead_b,
          serial_undead_c
D:4:      layout_cave_pods, kennysheep_small_spiral
D:5:      layout_basic, uniq_crazy_yiuf_cottage

Skill      XL: |  1  2  3  4  5  6  7 |
---------------+----------------------+-----
Maces & Flails | 1 2 3 4 |  4.0
Dodging        | 2 3 |  3.8
Short Blades   | 1 |  1.9
Evocations     | 4 |  4.3
Fighting       | 2 3 |  3.5
Armour         | |  2.0
Stealth        | |  1.0

Action                   |  1- 3 |  4- 6 |  7- 9 || total
-------------------------+-------+-------+-------++-------
Melee: Club              |   199 |    44 |       ||   243
       Dagger            |       |    62 |       ||    62
       Punch             |       |     5 |       ||     5
       Mace              |       |    91 |    21 ||   112
       Unarmed           |       |       |    16 ||    16
Evoke: Wand              |       |    16 |    15 ||    31
  Use: Potion            |       |     1 |       ||     1
 Stab: Sleeping          |     5 |     4 |       ||     9
       Paralysed         |       |       |     3 ||     3
Armor: Leather armour    |    95 |    63 |     4 ||   162
Dodge: Dodged            |   139 |   150 |    30 ||   319
